AoeStats
← opalmab30

Arena

508807979Analyzed
2v2 RM · 9d ago on Sep 24, 2026· 58m 28s· 4 players
Game mode
Random Map
Map size
Medium (4 player)
Population
200
Speed
Normal
Resources
Standard
Victory
Conquest
Starting age
Dark Age
Ending age
Imperial Age
RankedLock teamsTeams togetherTeam positionsShared explorationLock speedFull tech treeHidden civsTurbo modeCheats
Victory
Defeat
🇧🇷 Jurchens · Brazil
1179
+11
🇨🇱 Turks · Chile
1093
+14
🇹🇼 Varangians · Taiwan
1068
-13
🇳🇿 Byzantines · New Zealand
1047
-12
DonaldTrumpet
10:41 Feudal Age
11:45 Double-Bit Axe
12:12 Horse Collar
12:23 Loom
14:40 Castle Age
15:45 Bow Saw
16:02 Horse Collar
19:42 Loom
20:34 Heavy Plow
21:22 Wheelbarrow
23:03 Stone Mining
23:03 Gold Mining
23:10 Gold Mining
24:33 Hand Cart
25:36 Stone Shaft Mining
25:37 Gold Shaft Mining
28:46 Imperial Age
27:33 Scale Barding Armor
27:30 Scale Mail Armor
27:41 Forging
27:31 Padded Archer Armor
28:35 Chain Mail Armor
28:56 Arson
29:01 Gambesons
29:16 Squires
29:57 Iron Casting
30:29 Chemistry
29:50 Ballistics
29:08 Capped Ram
29:49 Elite Varangian Guard
30:54 Leather Archer Armor
31:11 Plate Mail Armor
30:57 Leather Archer Armor
33:48 Crop Rotation
32:51 Siege Ram
38:31 Murder Holes
38:48 Fortified Wall
41:17 Elite Skirmisher
43:49 Pikeman
47:48 Halberdier
nvda
6:51 Loom
9:53 Feudal Age
13:58 Castle Age
13:27 Double-Bit Axe
27:11 Imperial Age
25:48 Fletching
26:38 Bodkin Arrow
26:55 Gold Mining
43:54 Bow Saw
49:19 Pikeman
51:09 Horse Collar
52:32 Two-Man Saw
50:57 Halberdier
51:46 Squires
52:33 Forging
53:13 Scale Mail Armor
54:21 Iron Casting
54:36 Heavy Plow
55:18 Conscription
56:37 Blast Furnace
55:47 Arson
55:46 Elite Varangian Guard
56:02 Gothikon
56:32 Gambesons
LOSTH
10:34 Feudal Age
14:12 Castle Age
11:58 Horse Collar
12:48 Double-Bit Axe
18:39 Loom
20:53 Treadmill Crane
24:41 Wheelbarrow
31:15 Imperial Age
29:52 Scale Barding Armor
29:58 Forging
31:39 Scale Mail Armor
31:59 Chain Barding Armor
31:53 Bloodlines
31:44 Husbandry
31:53 Gold Mining
32:27 Conscription
32:44 Iron Casting
32:07 Elite Iron Pagoda
34:19 Gold Shaft Mining
34:39 Plate Barding Armor
34:20 Masonry
36:41 Architecture
38:52 Blast Furnace
39:36 Chemistry
38:37 Stone Mining
42:53 Stone Shaft Mining
43:19 Hand Cart
43:25 Hand Cart
46:37 Bow Saw
49:54 Padded Archer Armor
51:29 Two-Man Saw
50:31 Heavy Plow
51:09 Leather Archer Armor
50:57 Fortified Bastions
51:13 Siege Engineers
56:17 Ring Archer Armor
opalmab30
12:07 Feudal Age
14:04 Double-Bit Axe
17:11 Castle Age
15:09 Horse Collar
16:32 Wheelbarrow
19:01 Loom
26:33 Hand Cart
32:04 Imperial Age
39:09 Bow Saw
42:55 Parthian Tactics
42:51 Stone Mining
43:55 Town Watch
46:40 Town Patrol
47:07 Gold Mining
48:23 Husbandry
48:34 Bloodlines
49:17 Sipahi
49:41 Forging
49:37 Scale Barding Armor
49:54 Artillery
51:05 Iron Casting
56:29 Blast Furnace
56:35 Conscription
Connection lost

Rejoining the realm…

Still unreachable

The connection could not be restored.

Session expired

The server has moved on; the page needs a fresh start.